 Dungeon Crawl Stone Soup version 0.27-a0-1325-g58a489ad9e (webtiles) character file.

Game seed: 11787356265851523139

47 dinky3 the Sneak (level 3, -3/16 HPs)
             Began as a Spriggan Venom Mage on June 24, 2021.
             Slain by a gnoll (7 damage)
             ... on level 4 of the Dungeon.
             The game lasted 00:05:28 (943 turns).

dinky3 the Sneak (Spriggan Venom Mage)               Turns: 943, Time: 00:05:28

Health: -3/16      AC:  2    Str:  3 (4)  XL:     3   Next: 48%
Magic:  8/8        EV: 17    Int: 15 (17) God:
Gold:   124        SH:  0    Dex: 14 (15) Spells: 5/8 levels left

rFire    + . .     SeeInvis +   j - +0 dagger
rCold    + . .     Faith    .   (shield restricted)
rNeg     + . .     Spirit   .   a - +0 robe
rPois    +         Reflect  .   (helmet restricted)
rElec    +         Harm     .   (no cloak)
rCorr    +         Rampage  .   (gloves unavailable)
Will     .....                  (boots unavailable)
Stlth    +++.......             (no amulet)
HPRegen  0.05/turn              c - ring of flight
MPRegen  0.11/turn              h - ring of positive energy

@: brilliant, resistant, flying, very quick
A: very small, no large weapons, unfitting armour, see invisible, speed 3
a: no special abilities


You were on level 4 of the Dungeon.
You visited 1 branch of the dungeon, and saw 4 of its levels.

You collected 124 gold pieces.

Inventory:

Hand Weapons
 e - a +0 short sword
 j - a +0 dagger (weapon)
Armour
 a - a +0 robe (worn)
Jewellery
 c - a ring of flight (left hand)
 h - a ring of positive energy (right hand)
 i - a ring of positive energy
Scrolls
 l - a scroll of amnesia
Potions
 b - 2 potions of brilliance


   Skills:
 - Level 2.6 Dodging
 + Level 4.1 Stealth
 + Level 3.4 Spellcasting
 - Level 1.3 Transmutations
 + Level 0.8 Air Magic
 + Level 3.5 Poison Magic


You had 5 spell levels left.
You knew the following spells:

 Your Spells              Type           Power      Damage    Failure   Level
a - Sting                 Tmut/Pois      56%        1d5       7%          1
b - Poisonous Vapours     Pois/Air       26%        N/A       12%         2

Your spell library contained the following spells:

 Spells                   Type           Power      Damage    Failure   Level
 Ignite Poison            Fire/Tmut/Pois 11%        N/A       30%         3
 Mephitic Cloud           Conj/Pois/Air  10%        N/A       30%         3
 Olgreb's Toxic Radiance  Pois           19%        N/A       41%         4


Dungeon Overview and Level Annotations

Branches:
Dungeon (4/15)
 Temple: D:4-7

Altars:
Okawaru


Innate Abilities, Weirdness & Mutations

You are very small and have problems with some larger weapons.
You are too small for most types of armour.
You have supernaturally acute eyesight. (SInv)
You cover ground extremely quickly. (Speed+++)


Message History

Found a scroll labelled NOWKACR OSSUY.
Found 20 stones.
You see here a scroll labelled NOWKACR OSSUY.
l - a scroll labelled NOWKACR OSSUY A gnoll comes into view.
It is wielding a +1 flail of holy wrath.
A gnoll comes into view. It is wielding a +0 spear.
A gnoll shaman comes into view.
It is wielding a +0 club and wearing a +2 leather armour of fire resistance.
The gnoll shouts! x2; The gnoll shaman shouts!
You hear a shout!
As you read the scroll labelled HOIFEADEJE, it crumbles to dust.
You hear a loud clanging noise!
It was a scroll of noise.
You hear a shout! x3; You hear an angry hiss.
You hear a shout!
You hear an angry hiss.
As you read the scroll labelled AXALORA CUFEXT, it crumbles to dust.
It is a scroll of identify.
l - a scroll of amnesia You aren't carrying any items that you can evoke.
Unknown command.
Casting: Poisonous Vapours (safe; 11% risk of failure)
Confirm with . or Enter, or press ? or * to list all spells.
Okay, then.
Press: ? - help, v - describe, . - travel
Here: a gnoll, wielding a +1 flail of holy wrath The floor.
Unknown command.
A gnoll comes into view. It is wielding a +2 spear of venom.
The gnoll misses you.
It was a potion of degeneration.
There was something very wrong with that liquid.
You feel weakened.
You feel dopey.
You feel clumsy.
The gnoll hits you with a +1 flail of holy wrath!
Ouch! That really hurt!
* * * LOW HITPOINT WARNING * * *
Unknown command.
It was a potion of resistance.
You feel protected. The gnoll misses you. The gnoll closely misses you.
The gnoll hits you with a +1 flail of holy wrath!
You die...

#.#.......#######g####
#.#......## #.#
#......... #.#
##....###(######.#######
...## .......Z.......
##g ########.#######
##Z######.#
#.####.g....K..#
#...ggg@########
#########


You could see a gnoll shaman, 3 gnolls, a kobold (wandering) and an adder
skeleton.

Vanquished Creatures
  2 adders (D:3)
  2 dart slugs
  An orc (D:3)
  2 ball pythons
  A giant cockroach (D:4)
  A goblin (D:1)
  4 hobgoblins
  4 kobolds
  A quokka (D:3)
  A bat (D:2)
  3 frilled lizards
  2 rats
24 creatures vanquished.

Notes
Turn   | Place    | Note
-------+----------+-------------------------------------------
     0 | D:1      | dinky3 the Spriggan Venom Mage began the quest for the Orb.
     0 | D:1      | Reached XP level 1. HP: 9/9 MP: 5/5
   233 | D:2      | Reached XP level 2. HP: 13/13 MP: 2/7
   236 | D:2      | Learned a level 2 spell: Poisonous Vapours
   473 | D:3      | Found an iron altar of Okawaru.
   520 | D:3      | Reached XP level 3. HP: 16/16 MP: 2/8
   841 | D:3      | Reached skill level 4 in Stealth
   889 | D:4      | Noticed a water moccasin
   943 | D:4      | Slain by a gnoll

Illustrated notes

Levels and vault maps discovered:
D:1:      sevenhm_arrival_forest_fort_small_4, layout_basic
D:2:      layout_basic, shapermc_ecumenical_altar_mp_vishouse
D:3:      layout_loops_ring, okawaru_gym_becter, grunt_ministairs_5,
          goddamned_bats
D:4:      cheibrodos_helix_gallery, layout_loops_ring,
          gammafunk_temple_overflow_arena

Skill      XL: |  1  2  3 |
---------------+----------+-----
Spellcasting   | 3 |  3.4
Stealth        | 4 |  4.1
Dodging        | |  2.6
Transmutations | |  1.3
Air Magic      | |  0.8
Poison Magic   | |  3.5

Action                   || total
-------------------------++-------
Melee: Short sword       ||     4
       Dagger            ||     5
 Cast: Sting             ||    21
       Poisonous Vapours ||    13
  Use: Potion            ||     3
       Scroll            ||     2
 Stab: Sleeping          ||     3
Armor: Robe              ||     3
Dodge: Dodged            ||    19

Table legend: (Time is in decaauts)
 A = Elapsed time spent in this place.
 B = Non-inter-level travel time spent in this place.
 C = Inter-level travel time spent in this place.
 D = Time resting spent in this place.
 E = Time spent auto-exploring this place.
 F = Levels seen in this place.
 G = Mean time per level.
                   A        B        C        D        E       F      G
               +--------+--------+--------+--------+--------+-----+--------+
         Total |    613 |    594 |     19 |      0 |      0 |   4 |  153.2 |
       Dungeon |    613 |    594 |     19 |      0 |      0 |   4 |  153.2 |
               +--------+--------+--------+--------+--------+-----+--------+

Top non-repeatable levels by time:
     D:3: 237 daAuts
     D:1: 203 daAuts
     D:2: 95 daAuts
     D:4: 76 daAuts
